 Dungeon Sprint DCSS version 0.17-a0-2147-gfb20a63 (webtiles) character file.

262 Kidiri the Covert (level 5, -2/27 HPs)
             Began as a Spriggan Enchanter on Oct 24, 2015.
             Was an Initiate of Dithmenos.
             Slain by a spatial vortex (15 damage)
             ... in the Dungeon (Sprint III: "The Ten Rune Challenge").
             The game lasted 00:05:04 (1120 turns).

Kidiri the Covert (Spriggan Enchanter)              Turns: 1120, Time: 00:05:04

Health: -2/27      AC:  3    Str:  4    XL:     5   Next: 97%
Magic:  2/15       EV: 23    Int: 17    God:    Dithmenos [......]
Gold:   23         SH:  0    Dex: 17    Spells: 5 memorised, 5 levels left

rFire  . . .     SeeInvis +     a - +1 dagger
rCold  . . .     Clarity  .     b - +1 robe
rNeg   . . .     SustAt   .     (shield restricted)
rPois  .         Gourm    .     (helmet restricted)
rElec  .         Spirit   .     (no cloak)
rCorr  .         Warding  .     (gloves unavailable)
rMut   .         NoTele   +     (boots unavailable)
MR     .....                    (no amulet)
Stlth  +++++.....               (no ring)
                                (no ring)

@: very quick, not resistant to hostile enchantments, quite stealthy
A: unfitting armour, see invisible, herbivore 3, speed 3, slow metabolism 2
a: Renounce Religion


You were in the Dungeon.
You worshipped Dithmenos.
Dithmenos was noncommittal.
You were not hungry.

You visited 1 branch You collected 23 gold pieces.

Inventory:

Hand Weapons
 a - a +1 dagger (weapon)
Armour
 b - a +1 robe (worn)
Scrolls
 j - a scroll of blinking
 l - a scroll of holy word
 m - a scroll of fear {unknown}
 n - 3 scrolls of remove curse
 p - a scroll of recharging {unknown}
Potions
 e - a potion of curing
 f - a potion of heal wounds
 g - a potion of haste
 h - 4 potions of magic
 o - 2 potions of cure mutation
 q - 2 potions of flight
Comestibles
 c - a royal jelly
 d - 2 bread rations


   Skills:
 + Level 2.5 Fighting
 * Level 5.5 Short Blades
 + Level 2.3 Armour
 * Level 7.7 Dodging
 * Level 8.9 Stealth
 * Level 6.5 Spellcasting
 + Level 1.4 Conjurations
 + Level 5.4 Hexes
 + Level 2.3 Ice Magic
 + Level 0.0 Invocations


You had 5 spell levels left.
You knew the following spells:

 Your Spells              Type           Power        Failure   Level  Hunger
a - Corona                Hex            ###....      1%          1    None
b - Ensorcelled Hibernat  Hex/Ice        ###...       3%          2    None
c - Confuse               Hex            ###.....     4%          3    ##.....
d - Tukima's Dance        Hex            ###.....     4%          3    ##.....
e - Dazzling Spray        Conj/Hex       ###.....     10%         3    ##.....


Dungeon Overview and Level Annotations

Branches:
Dungeon (1/1)

Altars:
Dithmenos
Gozag
Makhleb
Nemelex Xobeh
Qazlal
Ru
Xom
Jiyva
Lugonu


Innate Abilities, Weirdness & Mutations

You are tiny and cannot use many weapons and most armour.
You have supernaturally acute eyesight.
You are a herbivore.
You cover ground extremely quickly.
You need consume almost no food.


Message History

Ouch! That really hurt!
You feel a strange sense of stasis.
You hit the spatial vortex.
The spatial vortex is almost destroyed.
You hit the spatial vortex.
The spatial vortex is almost destroyed.
There is a viscous altar of Jiyva here.
There is a sacrificial altar of Ru, spattered with blood here.
You hit the spatial vortex but do no damage.
The spatial vortex is almost destroyed.
You hit the spatial vortex.
The spatial vortex is almost destroyed.
The spatial vortex completely misses you.
You hit the spatial vortex.
The spatial vortex is almost destroyed.
You hit the spatial vortex.
The spatial vortex is almost destroyed.
The spatial vortex hits you!
Ouch! That really hurt!
You die...

....#.%#..# ,
#..†#..#..###+#+###+##
##..##+#..#..........#
##..###...'.⌠........#
#.†####...#...######'#
#..###....#.⌠.#__#...#
...##..:..#...#__#...#
...#......#+###_v#...#
.##.#.....# #_@#...+
.#####....# #_.'...#
▓▓ ▓▓▓▓▓▓ ▓▓▓▓▓▓▓▓ ≈ ,
* ≈ + * * ≈ *


You could see a spatial vortex.

Vanquished Creatures
  A shadow (D)
  A water elemental (D)
  A jelly (D)
  A human (D)
  An ooze (D)
  A phantom (D)
  3 rats (D)
9 creatures vanquished.

Vanquished Creatures (others)
  2 draconian scorchers (D)
  A yaktaur (D)
3 creatures vanquished.

Grand Total: 12 creatures vanquished

Notes
Turn   | Place    | Note
--------------------------------------------------------------
     0 | D        | Kidiri the Spriggan Enchanter began the quest for the Orb.
     0 | D        | Reached XP level 1. HP: 9/9 MP: 5/5
    89 | D        | Killed a yaktaur
   244 | D        | Killed a white draconian scorcher
   249 | D        | Reached skill level 5 in Stealth
   249 | D        | Reached XP level 2. HP: 14/14 MP: 4/7
   253 | D        | Learned a level 2 spell: Ensorcelled Hibernation
   299 | D        | Reached skill level 1 in Fighting
   309 | D        | Killed a white draconian scorcher
   467 | D        | Gained mutation: Potions and wands are less effective at restoring your health. [potion of mutation]
   467 | D        | Gained mutation: You are robust (+10% HP). [potion of mutation]
   467 | D        | Gained mutation: You are clumsy. (Dex -2) [potion of mutation]
   468 | D        | Lost mutation: You are robust (+10% HP). [potion of cure mutation]
   468 | D        | Lost mutation: Potions and wands are less effective at restoring your health. [potion of cure mutation]
   468 | D        | Lost mutation: You are clumsy. (Dex -2) [potion of cure mutation]
   469 | D        | Gained mutation: Your magical capacity is low (-10% MP). [potion of mutation]
   469 | D        | Gained mutation: You passively map a small area around you. [potion of mutation]
   469 | D        | Gained mutation: You have large cloven feet. [potion of mutation]
   470 | D        | Lost mutation: Your magical capacity is low (-10% MP). [potion of cure mutation]
   470 | D        | Lost mutation: You passively map a small area around you. [potion of cure mutation]
   470 | D        | Lost mutation: You have large cloven feet. [potion of cure mutation]
   479 | D        | Noticed a water elemental
   492 | D        | Killed a water elemental
   492 | D        | Reached skill level 1 in Armour
   492 | D        | Reached skill level 5 in Dodging
   492 | D        | Reached skill level 6 in Stealth
   492 | D        | Reached skill level 1 in Ice Magic
   492 | D        | Reached XP level 3. HP: 18/18 MP: 8/10
   492 | D        | Reached XP level 4. HP: 23/23 MP: 8/11
   515 | D        | Learned a level 3 spell: Confuse
   519 | D        | Learned a level 3 spell: Dazzling Spray
   523 | D        | Learned a level 3 spell: Tukima's Dance
   567 | D        | Noticed a jelly
   568 | D        | Noticed a shadow
   601 | D        | Killed a shadow
   601 | D        | Reached skill level 5 in Short Blades
   601 | D        | Reached skill level 7 in Dodging
   601 | D        | Reached skill level 8 in Stealth
   601 | D        | Reached skill level 1 in Conjurations
   601 | D        | Reached skill level 5 in Hexes
   601 | D        | Reached XP level 5. HP: 15/27 MP: 0/14
   753 | D        | Killed a jelly
   818 | D        | Found a stormy altar of Qazlal.
   819 | D        | Found a sacrificial altar of Ru.
   819 | D        | Found a burning altar of Makhleb.
   819 | D        | Found a viscous altar of Jiyva.
   819 | D        | Found a shimmering altar of Xom.
   819 | D        | Found a shadowy altar of Dithmenos.
   819 | D        | Found a sparkling altar of Nemelex Xobeh.
   819 | D        | Found a corrupted altar of Lugonu.
   819 | D        | Found an opulent altar of Gozag.
   819 | D        | Noticed a spatial vortex
   825 | D        | Became a worshipper of Dithmenos the Shadowed
  1120 | D        | Slain by a spatial vortex

Vault maps used:
D:        dungeon_sprint_mu

Action                   |  1- 3 |  4- 6 || total
-------------------------+-------+-------++-------
Melee: Dagger            |    41 |    25 ||    66
 Cast: Corona            |     4 |     1 ||     5
       Ensorcelled Hiber |     2 |     1 ||     3
       Dazzling Spray    |       |     9 ||     9
  Use: Potion            |     5 |       ||     5
       Scroll            |     1 |       ||     1
 Stab: Sleeping          |     3 |     1 ||     4
